 Dungeon Crawl Stone Soup version 0.32-a0-834-geaf45d8e21 (webtiles) character file.

Game seed: 3656047325035876942

233 AstroCodex24 the Trooper (level 5, -3/41 HPs)
             Began as a Vampire Fighter on Mar 26, 2024.
             Incinerated by a bombardier beetle (6 damage)
             ... with a burning spray
             ... on level 5 of the Dungeon.
             The game lasted 00:03:48 (721 turns).

AstroCodex24 the Trooper (Vampire Fighter)           Turns: 721, Time: 00:03:48

Health: -3/41      AC: 18    Str: 17    XL:     5   Next: 75%
Magic:  5/5        EV:  4    Int: 10    God:
Gold:   82         SH:  4    Dex: 14    Spells: 4/4 levels left

rFire   . . .        p - +2 morningstar (protect)
rCold   . . .        c - +0 buckler
rNeg    . . .        j - +0 plate armour
rPois   .            (no helmet)
rElec   .            (no cloak)
rCorr   .            (no gloves)
SInv    +            (no boots)
Will    .....        (no amulet) Stlth
                     (no ring)
HPRegen 0.46/turn    (no ring)
MPRegen 0.09/turn

%: no passive effects
@: on fire, under a protective aura, healing quickly, glowing
A: alive, fangs 3, see invisible, vampiric 2
a: Exsanguinate


You were on level 5 of the Dungeon.
You visited 1 branch of the dungeon, and saw 5 of its levels.

You collected 82 gold pieces.

Inventory:

Hand Weapons
 a - a +0 war axe
 p - a +2 morningstar of protection (weapon)
Armour
 b - a +0 scale mail
 c - a +0 buckler (worn)
 j - a +0 plate armour (worn)
Scrolls
 g - a scroll of enchant weapon {unknown}
 h - a scroll of identify {unknown}
 i - a scroll of blinking {unknown}
 k - a scroll of immolation {unknown}
 m - a scroll of enchant armour {unknown}
 n - a scroll of poison {unknown}
 o - a scroll of vulnerability {unknown}
Potions
 d - a potion of might
 e - a potion of heal wounds {unknown}
 f - a potion of mutation {unknown}
 l - a potion of magic {unknown}


   Skills:
 + Level 3.4 Fighting
 + Level 3.1(3.4) Axes
 + Level 1.6(2.5) Maces & Flails
 + Level 3.0 Armour
 + Level 1.8 Dodging
 + Level 3.3 Shields


You had 4 spell levels left.
You didn't know any spells.
Your spell library contained the following spells:

 Spells                   Type           Power      Damage    Failure   Level
 Animate Dead             Necr           0%         N/A       100%        4
 Borgnjor's Vile Clutch   Necr/Erth      0%         N/A       100%        5
 Death Channel            Necr           0%         N/A       100%        6


Dungeon Overview and Level Annotations

Branches:
Dungeon (5/15)
 Temple: D:4-7

Altars:


Innate Abilities, Weirdness & Mutations

Your natural rate of healing is accelerated.
You have razor-sharp teeth.
You have supernaturally acute eyesight. (SInv)
You are afflicted with vampirism and can become a bat while bloodless.


Message History

You are covered in liquid fire!
You shake off some of the fire as you move.
The liquid fire burns you!
You shake off some of the fire as you move.
The liquid fire burns you!
The bombardier beetle sprays incendiary fluid at you.
The burning spray hits you.
You are even more covered in liquid fire!
You completely miss the bombardier beetle.
The liquid fire burns you!
The bombardier beetle bites you but does no damage.
You sock the bombardier beetle!
Your weapon exudes an aura of protection.
The bombardier beetle is moderately wounded.
The liquid fire burns you!
The bombardier beetle bites you but does no damage.
You puncture the bombardier beetle! Your bite misses the bombardier beetle.
The bombardier beetle is almost dead.
The liquid fire burns you!
The bombardier beetle sprays incendiary fluid at you.
The burning spray hits you.
You are even more covered in liquid fire!
You hit the bombardier beetle but do no damage.
Your bite misses the bombardier beetle.
The bombardier beetle is almost dead.
The liquid fire burns you!
The bombardier beetle sprays incendiary fluid at you.
The burning spray hits you.
You are even more covered in liquid fire!
You barely miss the bombardier beetle. You bite the bombardier beetle.
The bombardier beetle is almost dead.
The liquid fire burns you!
* * * LOW HITPOINT WARNING * * *
You hit the bombardier beetle.
You kill the bombardier beetle!
The liquid fire burns you!
* * * LOW HITPOINT WARNING * * *
You shake off some of the fire as you move.
The liquid fire burns you!
You die...

# .#..... .# ...... #
###.# .....#.# #<).#
#.##.#! #>### #.....
#.# ## ##.##.# #)##.##
####...#.#######.#...##
+...†.@................
####.....#######.....##
##.#.## ###..## ###.#
.## #.# .# #.# # #.#
#.#


There were no monsters in sight!

Vanquished Creatures
  A bombardier beetle (D:5)
  A hound (D:4)
  3 orc wizards
  4 gnolls
  3 adders
  8 orcs
  2 ball pythons (D:2)
  An endoplasm (D:2)
  A goblin (D:2)
  A hobgoblin (D:2)
  A quokka (D:2)
  3 bats
29 creatures vanquished.

Notes
Turn   | Place    | Note
-------+----------+-------------------------------------------
     0 | D:1      | AstroCodex24 the Vampire Fighter began the quest for the
                  | Orb.
     0 | D:1      | Reached XP level 1. HP: 17/17 MP: 1/1
    20 | D:2      | Reached XP level 2. HP: 14/23 MP: 2/2
   315 | D:3      | Gained mutation: You are afflicted with vampirism and can
                  | become a bat while bloodless. [Vampire growth]
   315 | D:3      | Reached XP level 3. HP: 5/29 MP: 3/3
   406 | D:3      | Reached XP level 4. HP: 19/35 MP: 4/4
   620 | D:5      | Entered Level 5 of the Dungeon
   637 | D:4      | Reached skill level 1 in Dodging
   655 | D:4      | Reached XP level 5. HP: 23/41 MP: 5/5
   698 | D:5      | Reached skill level 1 in Maces & Flails
   720 | D:5      | HP: 2/41 [burnt (7)]
   721 | D:5      | Incinerated by a bombardier beetle

Illustrated notes

Levels and vault maps discovered:
D:1:      minmay_arrival_floating_metal, layout_basic, basic_ecumenical_altar,
          serial_forest, infiniplex_forest_end_3,
          infiniplex_forest_clump_double, infiniplex_forest_lined_2,
          infiniplex_forest_lined_3, infiniplex_forest_lined_3, minivault_24,
          roderic_roman_lattice
D:2:      layout_loops_ring, minmay_split_cup_small
D:3:      layout_loops_ring, slow_altar_1, mainiacjoe_overflow_tiny_flanked,
          gammafunk_temple_overflow_elements
D:4:      layout_cave_pools, serial_shops, shop, hangedman_decor_opposing,
          nicolae_elevator_lobby_asterisk, uniq_sigmund, uniq_duvessa
D:5:      layout_loops_corners, minitemple,
          grunt_temple_overflow_gold_and_silver, minmay_temple_entry_waves

Skill      XL: |  1  2  3  4  5 |
---------------+----------------+-----
Axes           | 2 3 |  3.1
Fighting       | 3 |  3.4
Shields        | 3 |  3.3
Dodging        | 1 |  1.8
Armour         | 3 |  3.0
Maces & Flails | 1 |  1.6

Action                     |  1- 3 |  4- 6 || total
---------------------------+-------+-------++-------
  Melee: War axe           |    58 |    27 ||    85
         Bite              |     3 |     5 ||     8
         Morningstar       |       |    31 ||    31
 Armour: Scale mail        |    54 |       ||    54
         Plate armour      |    38 |    69 ||   107
  Dodge: Dodged            |    34 |    11 ||    45
  Block: Buckler           |    21 |    23 ||    44

Table legend: (Time is in decaauts)
 A = Elapsed time spent in this place.
 B = Non-inter-level travel time spent in this place.
 C = Inter-level travel time spent in this place.
 D = Time resting spent in this place.
 E = Time spent auto-exploring this place.
 F = Levels seen in this place.
 G = Mean time per level.
                   A        B        C        D        E       F      G
               +--------+--------+--------+--------+--------+-----+--------+
         Total |    777 |    777 |      0 |      0 |      0 |   5 |  155.4 |
       Dungeon |    777 |    777 |      0 |      0 |      0 |   5 |  155.4 |
               +--------+--------+--------+--------+--------+-----+--------+

Top non-repeatable levels by time:
     D:2: 395 daAuts
     D:3: 233 daAuts
     D:4: 87 daAuts
     D:5: 59 daAuts
     D:1: 2 daAuts
